 Dungeon Crawl Stone Soup version 0.31.0-9-g3a7656b989 (webtiles) character file.

Game seed: 9601608161717191217

41 qw the Shooter (level 3, -1/20 HPs)
             Began as a Deep Elf Hunter on Feb 2, 2024.
             Slain by Terence
             ... wielding a +0 hand axe
              (3 damage)
             ... on level 2 of the Dungeon.
             The game lasted 00:00:06 (1263 turns).

qw the Shooter (Deep Elf Hunter)                    Turns: 1263, Time: 00:00:06

Health: -1/20      AC:  5    Str: 10    XL:     3   Next: 32%
Magic:  5/5        EV: 12    Int: 13    God:
Gold:   96         SH:  0    Dex: 18    Spells: 2/2 levels left

rFire   . . .        a - +0 shortbow
rCold   . . .        (shield currently unavailable)
rNeg    . . .        c - +0 leather armour
rPois   .            (no helmet)
rElec   .            (no cloak)
rCorr   .            (no gloves)
SInv    .            e - +1 pair of boots
Will    .....        (no amulet)
Stlth   ++           (no ring)
HPRegen 0.23/turn    (no ring)
MPRegen 0.09/turn

%: no passive effects
@: no status effects
A: no striking features
a: no special abilities


You were on level 2 of the Dungeon.
You visited 1 branch of the dungeon, and saw 3 of its levels.

You collected 96 gold pieces.


   Skills:
 - Level 1.5 Fighting
 + Level 6.9 Ranged Weapons
 - Level 2.4 Dodging
 - Level 1.2 Stealth


You had 2 spell levels left.
You didn't know any spells.
Your spell library was empty.

Inventory:

Hand Weapons
 a - a +0 shortbow (weapon)
Armour
 c - a +0 leather armour (worn)
 e - a +1 pair of boots (worn)
Scrolls
 b - 4 scrolls of teleportation
Potions
 f - a potion of curing
 g - a potion of heal wounds
 i - a potion of cancellation

Dungeon Overview and Level Annotations

Branches:
Dungeon (3/15)

Altars:

Shops:
D:1 [

Annotations:
D:2 Terence


Message History

There is a stone staircase leading down here.
You climb downwards.
Found 4 gold pieces.
There is a stone staircase leading up here.
There are monsters nearby!
Waypoint 2 assigned to D:3.
1252 ||| STAIRDANCE Terence shouts!
The goblin shouts!
The orc shouts!
Terence closely misses you.
You climb upwards.
There is a stone staircase leading down here.
You climb downwards.
Level annotation: Terence A quokka comes into view.
Terence hits you with a +0 hand axe. The goblin barely misses you.
There is a stone staircase leading up here.
1256 ||| STAIRDANCE Terence hits you with a +0 hand axe.
The goblin hits you with a +0 club.
You climb upwards.
There is a stone staircase leading down here.
You shoot an arrow. The arrow hits Terence.
Terence is moderately wounded.
Terence barely misses you. The goblin hits you but does no damage.
You shoot an arrow.
The arrow hits Terence but does no damage.
Terence is moderately wounded.
Terence hits you but does no damage. The goblin hits you with a +0 club.
You shoot an arrow. The arrow closely misses Terence.
Terence barely misses you. The goblin hits you with a +0 club.
You shoot an arrow. The arrow barely misses Terence.
Terence hits you but does no damage. The goblin hits you with a +0 club.
You shoot an arrow.
The arrow hits Terence but does no damage.
Terence is moderately wounded.
Terence misses you. The goblin misses you.
You shoot an arrow. The arrow closely misses Terence.
Terence hits you with a +0 hand axe. The goblin barely misses you.
Terence hits you with a +0 hand axe.
You die...
Terence says, "Rest in peace."

##).>.............#####[#.
##................####...
#.##....................
#%#####..#.......###.###
#.# #............##.#..
####.####.##.......#....#.#
#......##.#####...........#
#......##@#####.......##...
#.........@g.........######
#......##.#######.#........
#......##.# #.........#
#########.# ##......... #.#
####.......... #.#
#............. #.#
#.#.#.........
##.####......###....
#..##.........##.##.


You could see Terence and a goblin.

Vanquished Creatures
  An adder (D:2)
  2 dart slugs (D:2)
  4 endoplasms
  A goblin (D:1)
  4 ball pythons
  7 bats
  3 frilled lizards (D:1)
  4 kobolds
  5 rats
31 creatures vanquished.

Notes
Turn   | Place    | Note
-------+----------+-------------------------------------------
     0 | D:1      | qw the Deep Elf Hunter began the quest for the Orb.
     0 | D:1      | Reached XP level 1. HP: 12/12 MP: 3/3
     0 | D:1      | 0 ||| qw: Version: 0.3-a-155-g5e7d8dd
     0 | D:1      | 0 ||| qw: Game counter: 761
     0 | D:1      | 0 ||| qw: Melee chars always use a shield: true
     0 | D:1      | 0 ||| qw: God list: Okawaru
     0 | D:1      | 0 ||| qw: Allow faded altars: false
     0 | D:1      | 0 ||| qw: Do Orc after clearing Dungeon:15 true
     0 | D:1      | 0 ||| qw: Do second Lair branch before Depths: true
     0 | D:1      | 0 ||| qw: Lair rune preference: random
     0 | D:1      | 0 ||| qw: Goals: Normal
     0 | D:1      | 0 ||| PLANNING D:1-11
   290 | D:1      | Reached XP level 2. HP: 16/16 MP: 4/4
   330 | D:1      | Reached skill level 6 in Ranged Weapons
   433 | D:1      | Found Athem's Antique Armour Shop.
   443 | D:1      | 443 ||| SHOPLISTING jewelled robe (148 gold, have 17).
   443 | D:1      | 443 ||| SHOPLISTING ring mail (104 gold, have 17).
   443 | D:1      | 443 ||| SHOPLISTING scale mail (104 gold, have 17).
   666 | D:1      | 666 ||| UPGRADING to +0 pair of boots.
   671 | D:1      | 671 ||| READING scroll labelled WACKYWOXUH.
   671 | D:1      | 671 ||| IDENTIFYING pink potion
   672 | D:1      | 672 ||| DRINKING 2 smoky amethyst potions.
   673 | D:1      | 673 ||| DROPPING scroll of butterflies.
   674 | D:1      | 674 ||| DROPPING potion of attraction.
   796 | D:2      | Reached XP level 3. HP: 20/20 MP: 5/5
   906 | D:2      | 906 ||| READING scroll of identify.
   906 | D:2      | 906 ||| IDENTIFYING smoky dark potion
   907 | D:2      | 907 ||| READING 4 scrolls labelled VEAMIR SOFO.
  1033 | D:2      | 1033 ||| READING 2 scrolls of identify.
  1033 | D:2      | 1033 ||| IDENTIFYING murky blue potion
  1034 | D:2      | 1034 ||| READING scroll of identify.
  1034 | D:2      | 1034 ||| IDENTIFYING emerald potion
  1035 | D:2      | 1035 ||| READING scroll labelled VIDDUT FENYRI.
  1036 | D:2      | 1036 ||| FLEEEEING.
  1037 | D:2      | 1037 ||| FLEEEEING.
  1038 | D:2      | 1038 ||| FLEEEEING.
  1039 | D:2      | 1039 ||| FLEEEEING.
  1040 | D:2      | 1040 ||| FLEEEEING.
  1041 | D:2      | 1041 ||| FLEEEEING.
  1042 | D:2      | 1042 ||| FLEEEEING.
  1043 | D:2      | 1043 ||| FLEEEEING.
  1044 | D:2      | 1044 ||| FLEEEEING.
  1045 | D:2      | 1045 ||| FLEEEEING.
  1046 | D:2      | 1046 ||| FLEEEEING.
  1047 | D:2      | 1047 ||| FLEEEEING.
  1048 | D:2      | 1048 ||| FLEEEEING.
  1049 | D:2      | 1049 ||| FLEEEEING.
  1050 | D:2      | 1050 ||| FLEEEEING.
  1051 | D:2      | 1051 ||| FLEEEEING.
  1052 | D:2      | 1052 ||| FLEEEEING.
  1053 | D:2      | 1053 ||| FLEEEEING.
  1054 | D:2      | 1054 ||| FLEEEEING.
  1055 | D:2      | 1055 ||| FLEEEEING.
  1056 | D:2      | 1056 ||| FLEEEEING.
  1057 | D:2      | 1057 ||| FLEEEEING.
  1058 | D:2      | 1058 ||| FLEEEEING.
  1059 | D:2      | 1059 ||| FLEEEEING.
  1060 | D:2      | 1060 ||| FLEEEEING.
  1061 | D:2      | 1061 ||| FLEEEEING.
  1062 | D:2      | 1062 ||| FLEEEEING.
  1063 | D:2      | 1063 ||| STAIRDANCE
  1165 | D:1      | 1165 ||| READING scroll labelled SUTZYATICSO.
  1166 | D:1      | 1166 ||| READING scroll labelled JENEIN ROXAWUE.
  1167 | D:1      | 1167 ||| DROPPING potion of brilliance.
  1240 | D:2      | 1240 ||| READING scroll labelled XOAXOJ HEHY.
  1240 | D:2      | 1240 ||| ENCHANTING +0 pair of boots.
  1251 | D:3      | Noticed Terence
  1252 | D:3      | 1252 ||| STAIRDANCE
  1256 | D:3      | 1256 ||| STAIRDANCE
  1263 | D:2      | HP: 2/20 [Terence/+0 hand axe (4)]
  1263 | D:2      | Slain by Terence

Levels and vault maps discovered:
D:1:      onia_arrival_pyramid, layout_basic, serial_shops, shop,
          kennysheep_pointless_box, corexii_hall_statues_x,
          minmay_misc_feat_room
D:2:      layout_rooms, serial_glass, glass_columns_b, glass_columns_c
D:3:      layout_basic, grunt_temple_overflow_open, uniq_terence, uniq_jessica,
          uniq_crazy_yiuf_cottage

Skill      XL: |  1  2 |
---------------+-------+-----
Ranged Weapons | 6 |  6.9
Fighting       | |  1.5
Dodging        | |  2.4
Stealth        | |  1.2

Action                     || total
---------------------------++-------
   Fire: Shortbow          ||   103
    Use: Scroll            ||     9
         Potion            ||     1
 Armour: Leather armour    ||    39
  Dodge: Dodged            ||    35

Table legend:
 A = Non-vault XP
 B = Vault XP
 C = Vault XP percentage of total XP
 D = Non-vault monster count
 E = Vault monster count
 F = Vault count percentage of total count
                 A         B        C        D         E       F
            +---------+---------+-------+---------+---------+-------
      Total |      59 |       0 |   0.0 |      31 |       0 |   0.0
            +---------+---------+-------+---------+---------+-------
        D:1 |      25 |       0 |   0.0 |      19 |       0 |   0.0
        D:2 |      34 |       0 |   0.0 |      12 |       0 |   0.0
            +---------+---------+-------+---------+---------+-------
